 Dungeon Crawl Stone Soup version 0.17-a0-2115-g0d8b93e (webtiles) character file.

14 Procrastinator the Caller (level 2, 0/22 HPs)
             Began as a Demonspawn Wanderer on Oct 20, 2015.
             Slain by a gnoll (8 damage)
             ... on level 1 of the Dungeon.
             The game lasted 00:01:33 (340 turns).

Procrastinator the Caller (Demonspawn Wanderer)      Turns: 340, Time: 00:01:33

Health: 0/22       AC:  2    Str: 14    XL:     2   Next: 31%
Magic:  0/5        EV: 11    Int: 15    God:
Gold:   0          SH:  0    Dex:  8    Spells: 1 memorised, 4 levels left

rFire  . . .     SeeInvis .     e - +0 club
rCold  . . .     Clarity  .     d - +0 robe
rNeg   . . .     SustAt   .     (no shield)
rPois  .         Gourm    .     (helmet restricted)
rElec  .         Spirit   .     (no cloak)
rCorr  .         Warding  .     (no gloves)
rMut   .         Stasis   .     (no boots)
MR     .....                    (no amulet)
Stlth  +.........               (no ring)
                                (no ring)

@: very slightly contaminated, not resistant to hostile enchantments, very
unstealthy
A: horns 1
a: no special abilities


You were on level 1 of the Dungeon.
You were not hungry.

You visited 1 branch of the dungeon, and saw 1 of its levels.

Inventory:

Hand Weapons
 e - a +0 club (weapon)
Armour
 d - a +0 robe (worn)
Books
 a - a book of Flames

   Spells                             Type                      Level
   a - Flame Tongue                   Conjuration/Fire             1
   b - Throw Flame                    Conjuration/Fire             2
   c - Conjure Flame                  Conjuration/Fire             3
   d - Inner Flame                    Hexes/Fire                   3
   e - Sticky Flame                   Conjuration/Fire             4
   f - Fireball                       Conjuration/Fire             5
 b - Lee's Handbook of Clay

   Spells                             Type                      Level
   a - Sandblast                      Earth                        1
   b - Stone Arrow                    Conjuration/Earth            3
 c - the Almanac of Creation

   Spells                             Type                      Level
   a - Summon Butterflies             Summoning                    1
   b - Recall                         Summoning/Translocation      3
Comestibles
 f - a bread ration


   Skills:
 + Level 2.0 Fighting
 - Level 1.0 Throwing
   Level 1.0 Shields
 - Level 2.0 Spellcasting
   Level 2.0 Summonings
 - Level 1.7 Fire Magic
   Level 1.7 Ice Magic


You had 4 spell levels left.
You knew the following spells:

 Your Spells              Type           Power        Failure   Level  Hunger
a - Flame Tongue          Conj/Fire      #....        17%         1    #......


Dungeon Overview and Level Annotations

Branches:
Dungeon (1/15)

Altars:


Innate Abilities, Weirdness & Mutations

You have a pair of small horns on your head.


Message History

Press: ? - help, Shift-Dir - straight line, f/p - gnoll
Aim: a gnoll You miscast Flame Tongue.
Wisps of smoke drift from your hands. The gnoll hits you.
Casting: Flame Tongue
Confirm with . or Enter, or press ? or * to list all spells.
Aiming: Flame Tongue
Press: ? - help, Shift-Dir - straight line, f/p - gnoll
Aim: a gnoll The flame tongue hits the gnoll.
The gnoll appears unharmed.
The gnoll hits you.
Casting: Flame Tongue
Confirm with . or Enter, or press ? or * to list all spells.
Aiming: Flame Tongue
Press: ? - help, Shift-Dir - straight line, f/p - gnoll
Aim: a gnoll The flame tongue hits the gnoll.
The gnoll is severely wounded.
The gnoll hits you!
You die...

#############
#...........#######
#.####.@g>.........
..
#.####.####.######
#.... #.(....#
#.########.#.#
#..#####
#.........>#.# #..#
#..##......#.#
##########>.#
#..##.####....
............#
#..##.####....
##########.##
#..##...†g....
#.....
#..##.####....


You could see a gnoll.

Vanquished Creatures
  An ooze (D:1)
  2 goblins (D:1)
  2 jackals (D:1)
  A kobold (D:1)
  A bat (D:1)
  2 rats (D:1)
9 creatures vanquished.

Notes
Turn   | Place    | Note
--------------------------------------------------------------
     0 | D:1      | Procrastinator the Demonspawn Wanderer began the quest for the Orb.
     0 | D:1      | Procrastinator set off with: a book of Flames, Lee's Handbook of Clay, the Almanac of Creation, a +0 robe, a +0 club, a bread ration
     0 | D:1      | Reached XP level 1. HP: 13/13 MP: 3/3
     0 | D:1      | Identified Lee's Handbook of Clay
     0 | D:1      | Identified the Almanac of Creation
     2 | D:1      | Learned a level 1 spell: Flame Tongue
   111 | D:1      | Reached skill level 1 in Fighting
   197 | D:1      | Gained mutation: You have a pair of small horns on your head. [demonic ancestry]
   197 | D:1      | Reached XP level 2. HP: 11/22 MP: 0/5
   340 | D:1      | Slain by a gnoll

Vault maps used:
D:1:      dpeg_arrival_stone_temple_mockup

Action                   || total
-------------------------++-------
Melee: Club              ||    20
 Cast: Flame Tongue      ||    17
